Map: Oxide LE

Players

MarineLorD

  • Race: Terran Terran
  • League: Master

DnS - Winner!

  • Race: Protoss Protoss
  • League: Master

Event: DreamHack SC2 Masters 2021 Summer

VOD

Have the link to the VOD?

Description

Time

  • Played on: May 21, 2021, 11:48 a.m.
  • Length: 14:38

All games in this series

Show
View Real Time Build Order
Export as new Build Order

MarineLorD Terran 

Build Orders:  

Get SALT Encoding   

  12  0:00  SCV  
  13  0:12  SCV  
  14  0:16  Supply Depot  
  14  0:24  SCV  
  15  0:38  SCV  
  15  0:39  Barracks  
  16  0:42  Refinery  
  16  0:50  SCV  
  17  1:02  SCV  
  18  1:14  SCV  
  19  1:25  Marine  
  19  1:26  Orbital Command  
  20  1:44  Command Center  
  20  1:56  SCV  
  20  2:01  Barracks Reactor, Factory  
  21  2:09  SCV  
  21  2:13  Supply Depot  
  22  2:20  Refinery  
  22  2:21  SCV  
  23  2:35  SCV  
  24  2:46  Starport  
  24  2:47  SCV  
  24  2:50  Hellion x2  
  28  3:00  SCV  
  28  3:14  Widow Mine  
  28  3:15  SCV  
  28  3:18  Widow Mine, Orbital Command  
  33  3:21  Barracks Tech Lab  
  33  3:23  Medivac  
  35  3:35  Widow Mine  
  35  3:39  Widow Mine  
  35  3:41  SCV, Supply Depot  
  39  3:46  SCV  
  41  3:51  Supply Depot  
  41  3:53  SCV  
  41  3:54  Supply Depot  
  42  3:58  SCV  
  43  4:05  Viking  
  43  4:08  SCV  
  44  4:11  Marine x2  
  44  4:12  Cyclone  
  47  4:17  Supply Depot  
  47  4:21  SCV x2  
  49  4:29  Marine  
  50  4:33  SCV  
  49  4:46  Cyclone  
  49  4:48  SCV x2  
  49  4:49  Command Center  
  49  4:50  Marine x2  
  48  5:00  SCV x2, Barracks x2  
  48  5:06  Viking  
  52  5:08  Marine x2  
  54  5:19  SCV x2  
  56  5:25  Engineering Bay  
  56  5:26  Engineering Bay  
  56  5:28  Marine x2  
  56  5:31  SCV x2  
  56  5:33  Refinery x2  
  56  5:34  Supply Depot  
  60  5:39  Factory Tech Lab  
  56  5:43  SCV x2  
  56  5:51  Marine x2  
  56  5:55  SCV  
  56  5:56  SCV  
  56  6:02  Supply Depot  
  56  6:06  Orbital Command  
  56  6:08  SCV x2  
  56  6:10  Marine x3  
  61  6:11  Marine  
  61  6:12  Stimpack  
  62  6:19  Terran Infantry Weapons Level 1  
  62  6:20  SCV x2  
  64  6:30  Marine x4  
  64  6:32  SCV x3  
  71  6:35  Terran Infantry Armor Level 1  
  71  6:44  SCV x3, Supply Depot  
  71  6:46  Combat Shield  
  74  6:47  Starport Reactor, Factory Reactor  
  74  6:49  Marine x2  
  74  6:51  Marine x2  
  78  6:56  SCV x3  
  77  7:07  Marine  
  77  7:08  SCV x3, Marine x2  
  73  7:19  Marauder  
  73  7:20  SCV x2  
  73  7:22  Barracks  
  67  7:23  SCV, Barracks  
  67  7:24  Marine  
  67  7:25  Marine  
  67  7:27  Marauder  
  67  7:29  Widow Mine x2  
  74  7:32  SCV, Missile Turret  
  74  7:34  Missile Turret  
  75  7:39  Medivac x2  
  75  7:41  Marauder  
  75  7:43  Marine  
  82  7:44  Marine  
  82  7:48  SCV  
  82  7:49  SCV x2  
  86  7:52  Concussive Shells  
  86  7:54  Widow Mine  
  86  7:55  Widow Mine  
  90  8:00  Marauder  
  90  8:03  Marauder  
  94  8:09  Medivac x2  
  98  8:16  Widow Mine x2  
  99  8:21  Marauder  
  99  8:22  Orbital Command, Marine  
  99  8:24  Marauder  
  96  8:31  Marine x3  
  96  8:32  SCV x2  
  94  8:39  Marine, Medivac x2  
  95  8:42  Marauder  
  95  8:44  SCV x2  
  95  8:46  Marauder  
  94  8:49  Marine x3  
  94  8:50  Widow Mine x2  
  98  8:56  SCV  
  98  8:57  Marine  
  98  9:02  Armory, Barracks  
  100  9:04  Barracks, Marauder  
  100  9:06  Marine x2  
  100  9:07  Marine x2  
  100  9:09  Medivac  
  108  9:11  Widow Mine x2  
  108  9:15  Marine  
  113  9:21  Orbital Command  
  113  9:23  Supply Depot  
  113  9:24  Marine  
  113  9:25  Marauder  
  113  9:27  Refinery  
  113  9:28  Refinery  
  113  9:31  Barracks Reactor, Barracks Tech Lab  
  116  9:42  Marine  
  116  9:45  Marauder, Marine  
  120  9:46  Marauder  
  120  9:47  Medivac  
  120  9:51  Marine  
  125  10:00  Supply Depot  
  125  10:02  Widow Mine x2, Marauder, Medivac, Supply Depot  
  125  10:06  Supply Depot  
  133  10:18  Terran Infantry Weapons Level 2  
  133  10:19  Terran Infantry Armor Level 2, Terran Ship Weapons Level 1  
  133  10:21  Marine x2, Medivac, Supply Depot  
  133  10:22  Marauder x2, Supply Depot  
  141  10:32  Medivac  
  143  10:41  Marine  
  135  10:43  Marauder  
  135  10:44  Marine x2  
  135  10:45  Marauder  
  126  10:50  Marauder, Marine x3  
  126  10:54  SCV x2, Command Center  
  129  11:01  Medivac  
  129  11:02  Medivac  
  123  11:06  Marine x3  
  123  11:07  Marauder, Ghost Academy  
  123  11:10  Widow Mine x2  
  132  11:17  Marine x2  
  132  11:18  Marauder  
  134  11:19  Marauder, Marine  
  134  11:24  Marine x2  
  133  11:28  Marauder  
  133  11:29  Marine  
  134  11:35  Marine  
  134  11:39  Marauder  
  113  11:42  Marauder  
  113  11:44  Marine x2  
  113  11:45  SCV x2  
  113  11:46  SCV  
  103  11:49  Marauder, Marine x3  
  105  11:57  SCV x2  
  105  12:00  SCV  
  105  12:01  Marauder  
  109  12:10  SCV x2  
  109  12:12  SCV  
  112  12:21  Liberator  
  112  12:22  SCV x2  
  119  12:25  SCV, Liberator  
  121  12:34  SCV  
  120  12:51  Barracks Tech Lab, Marauder x3, Marine x3  
  109  12:52  Barracks Tech Lab  
  110  13:05  Enhanced Shockwaves  
  110  13:11  Ghost  
  110  13:12  Ghost  
  114  13:19  Marine x5  
  119  13:20  Marauder  
  119  13:21  Marauder  
  119  13:26  Planetary Fortress  
  121  13:37  Marine x2  
  121  13:38  Marauder  
  121  13:39  Marine x2  
  121  13:41  Marauder  
  129  13:42  Marauder  
  129  13:45  Marauder, Marine  
  134  13:49  Liberator x2  
  134  13:54  Fusion Core  
  138  14:03  Marine x4  
  115  14:17  Marine  
Show
View Real Time Build Order
Export as new Build Order

DnS Protoss - Winner!

Build Orders: 1 Gate Expand, Phoenix Opening 

Get SALT Encoding   

  12  0:00  Probe  
  13  0:12  Probe  
  14  0:18  Pylon  
  14  0:24  Probe (Chrono Boost)  
  15  0:36  Probe (Chrono Boost)  
  15  0:38  Gateway  
  16  0:44  Probe (Chrono Boost)  
  16  0:46  Assimilator  
  17  0:51  Probe  
  18  1:03  Probe  
  19  1:15  Probe  
  20  1:26  Cybernetics Core  
  20  1:34  Nexus  
  20  1:43  Pylon  
  20  1:47  Probe  
  21  1:57  Assimilator  
  21  1:59  Probe  
  21  2:00  Adept (Chrono Boost)  
  24  2:11  Probe  
  25  2:18  Stargate  
  25  2:23  Probe  
  25  2:25  Adept (Chrono Boost)  
  28  2:34  Warp Gate  
  28  2:36  Probe (Chrono Boost)  
  29  2:46  Probe (Chrono Boost), Adept (Chrono Boost)  
  33  2:54  Probe (Chrono Boost)  
  33  2:56  Probe (Chrono Boost)  
  34  3:00  Probe (Chrono Boost)  
  35  3:06  Probe  
  35  3:07  Phoenix (Chrono Boost)  
  38  3:20  Adept  
  38  3:22  Probe  
  38  3:23  Pylon  
  41  3:29  Phoenix (Chrono Boost)  
  43  3:37  Probe  
  43  3:38  Probe  
  43  3:47  Gateway, Phoenix  
  45  3:50  Probe (Chrono Boost)  
  47  3:55  Probe (Chrono Boost)  
  47  3:59  Probe (Chrono Boost)  
  49  4:03  Probe (Chrono Boost)  
  49  4:04  Probe (Chrono Boost)  
  49  4:09  Nexus  
  50  4:12  Phoenix  
  50  4:14  Probe  
  50  4:16  Probe  
  54  4:20  Pylon  
  54  4:28  Pylon  
  54  4:38  Probe x2  
  51  4:46  Phoenix  
  51  4:50  Probe x2  
  55  4:54  Adept  
  55  4:55  Adept  
  59  5:02  Probe  
  59  5:03  Probe  
  59  5:06  Assimilator  
  61  5:12  Assimilator  
  61  5:13  Twilight Council  
  61  5:14  Probe (Chrono Boost), Pylon, Forge  
  61  5:15  Probe (Chrono Boost)  
  63  5:25  Probe x2 (Chrono Boost)  
  63  5:26  Probe (Chrono Boost)  
  63  5:27  Phoenix  
  68  5:30  Probe x2 (Chrono Boost)  
  68  5:34  Probe  
  71  5:40  Probe  
  71  5:41  Probe  
  71  5:46  Probe  
  68  5:52  Pylon  
  68  5:53  Probe x2, Protoss Ground Weapons Level 1 (Chrono Boost)  
  68  5:54  Phoenix  
  66  5:57  Stalker x2  
  66  6:01  Shield Battery  
  66  6:02  Charge (Chrono Boost)  
  66  6:03  Probe  
  71  6:10  Shield Battery  
  71  6:12  Probe, Shield Battery  
  72  6:19  Phoenix  
  72  6:20  Probe  
  72  6:21  Probe  
  76  6:29  Gateway x2  
  76  6:31  Sentry  
  78  6:34  Probe x2  
  78  6:35  Probe  
  78  6:38  Stalker  
  83  6:43  Gateway x2  
  83  6:46  Probe x2  
  85  6:52  Shield Battery  
  85  6:55  Phoenix  
  85  6:56  Stalker  
  89  7:04  Stalker  
  89  7:07  Probe  
  92  7:12  Probe  
  86  7:18  Probe  
  86  7:20  Probe  
  86  7:24  Robotics Facility  
  86  7:26  Probe  
  85  7:30  Probe, Zealot x4  
  85  7:34  Probe  
  85  7:35  Assimilator  
  95  7:38  Probe, Zealot x2  
  95  7:40  Assimilator  
  95  7:42  Pylon  
  95  7:43  Templar Archives  
  95  7:44  Pylon  
  100  7:46  Gateway  
  100  7:49  Gateway  
  100  7:51  Probe  
  101  7:54  Protoss Ground Armor Level 1 (Chrono Boost)  
  101  7:58  Blink  
  101  8:00  Probe x2  
  103  8:17  Observer, Probe  
  103  8:18  Probe  
  103  8:19  Zealot x5, Sentry  
  114  8:31  Probe  
  114  8:32  Probe  
  110  8:36  Phoenix  
  110  8:43  Nexus  
  110  8:49  Immortal (Chrono Boost)  
  110  8:50  Zealot x3  
  112  8:58  Pylon  
  112  9:00  Pylon  
  112  9:02  Phoenix  
  112  9:07  Probe x2, Robotics Bay  
  112  9:08  Probe  
  117  9:10  Pylon  
  117  9:15  Pylon  
  117  9:16  Pylon  
  117  9:17  High Templar x2  
  117  9:18  High Templar x2, Zealot x2  
  117  9:22  Archon x2  
  117  9:24  Observer  
  129  9:27  Zealot x2  
  133  9:33  Photon Cannon  
  133  9:36  Gateway x2  
  133  9:40  Zealot x2  
  137  9:50  Protoss Ground Weapons Level 2 (Chrono Boost)  
  137  9:51  High Templar x2, Zealot x4  
  149  9:54  Pylon  
  149  9:55  Archon  
  149  9:57  Phoenix  
  147  10:00  Colossus (Chrono Boost)  
  153  10:08  Zealot  
  153  10:09  Zealot  
  157  10:17  Zealot x2  
  157  10:18  Zealot x2  
  157  10:19  Photon Cannon  
  165  10:21  Shield Battery  
  165  10:29  Phoenix  
  167  10:42  Pylon  
  151  10:43  Pylon  
  151  10:54  Observer  
  151  10:57  Pylon  
  151  10:59  Pylon  
  151  11:00  Pylon  
  151  11:06  Stalker x2  
  151  11:10  Pylon x2  
  155  11:11  Pylon x2  
  155  11:13  Pylon  
  155  11:14  Forge  
  156  11:18  Observer (Chrono Boost)  
  156  11:19  Photon Cannon  
  148  11:31  Stalker x6  
  146  11:36  Colossus (Chrono Boost)  
  142  11:42  Stalker x4  
  136  11:52  Protoss Ground Armor Level 2 (Chrono Boost)  
  121  12:00  High Templar x2, Sentry  
  121  12:01  High Templar x2, Zealot  
  129  12:07  Archon x2  
  129  12:15  Colossus (Chrono Boost), Zealot  
  129  12:16  Zealot x3  
  129  12:20  Phoenix (Chrono Boost)  
  145  12:24  Zealot x2  
  149  12:33  Zealot x4  
  157  12:40  Zealot  
  157  12:41  Zealot x2  
  149  12:51  Zealot x2  
  153  13:05  Pylon  
  153  13:07  Pylon  
  153  13:13  Zealot x8  
  153  13:17  Colossus (Chrono Boost)  
  167  13:23  Probe  
  167  13:24  Probe x3  
  177  13:41  Zealot x2  
  177  13:42  Zealot x8  
  194  13:59  Nexus  
  192  14:04  Stalker  
  192  14:05  Stalker x2  
Tags
 
Add a new tag
Caveats
  • Supply blocks, unpowered buildings, or Contaminate may cause inaccurate times.
  • Supply counts are checked every 10 seconds.